 Dungeon Crawl Stone Soup version 0.30-a0-600-gb7c8574cbb (webtiles) character file.

Game seed: 7919025851896110999

79 M4edhros the Charlatan (level 4, -10/29 HPs)
             Began as an Octopode Artificer on Jan 7, 2023.
             Mangled by an ogre
             ... wielding a +0 giant club
              (17 damage)
             ... on level 5 of the Dungeon.
             The game lasted 00:01:24 (435 turns).

M4edhros the Charlatan (Octopode Artificer)          Turns: 435, Time: 00:01:25

Health: -10/29     AC:  1    Str: 11    XL:     4   Next: 37%
Magic:  4/4        EV: 14    Int: 13    God:
Gold:   36         SH:  0    Dex: 14    Spells: 3/3 levels left

rFire   . . .      SeeInvis .    a - +2 dagger (drain)
rCold   . . .      Faith    .    (no shield)
rNeg    . . .      Spirit   .    (helmet restricted)
rPois   .          Reflect  .    (no amulet)
rElec   .          Harm     .    (no ring)
rCorr   .          Rampage  .    (no ring)
Will    .....                    (no ring)
Stlth   +++                      (no ring)
HPRegen 0.24/turn                (no ring)
MPRegen 0.09/turn                (no ring)
                                 (no ring)
                                 (no ring)

@: no status effects
A: almost no armour, amphibious, 8 rings, camouflage 1, gelatinous body 1,
(nimble swimmer 1), tentacles
a: no special abilities


You were on level 5 of the Dungeon.
You visited 1 branch of the dungeon, and saw 5 of its levels.

You collected 36 gold pieces.

Inventory:

Hand Weapons
 a - a +2 dagger of draining (weapon)
Wands
 b - a wand of flame (15) (quivered)
 c - a wand of charming (12)
 d - a wand of iceblast (5)
 f - a wand of digging (4)
Potions
 e - a potion of heal wounds {unknown}
 g - a potion of haste {unknown}
 h - a potion of attraction {unknown}


   Skills:
 + Level 1.9 Fighting
 + Level 1.3 Short Blades
 + Level 2.9 Dodging
 + Level 2.8 Stealth
 - Level 0.4 Unarmed Combat
 + Level 3.8 Evocations


You had 3 spell levels left.
You didn't know any spells.
Your spell library was empty.

Dungeon Overview and Level Annotations

Branches:
Dungeon (5/15)
 Temple: D:4-7

Altars:

Annotations:
D:3 Robin


Innate Abilities, Weirdness & Mutations

You cannot wear most types of armour.
You are amphibious.
You can wear up to eight rings at the same time.
Your skin changes colour to match your surroundings (Stealth+).
Your rubbery body absorbs attacks. (AC +1, EV +1)
((You are camouflaged when in or above water. (Stealth+)))
You have tentacles for arms and can constrict up to eight enemies at once.


Message History

You kill the orc!
The ogre shouts!
The iguana hisses angrily.
The orc wizard shouts!
The orc shouts!
You hear a shout!
An orc comes into view. It is wielding a +0 mace.
An ogre comes into view. It is wielding a +0 giant club.
The orc shouts!
Aiming: Charm
Press: ? - help, Shift-Dir - straight line, f - ogre
Aim: an ogre, wielding a +0 giant spiked club (chance to affect: 58%)
The ogre is charmed.
The orc barely misses your ogre. The orc hits you with a +0 hand axe.
The orc wizard hits your ogre with a +0 dagger.
Your ogre hits the orc wizard with a +0 giant spiked club!!
The orc wizard dies!
You have reached level 4!
You hit the orc but do no damage. You drain the orc. You grab the orc.
You squeeze the orc, but do no damage.
The orc is heavily wounded.
You constrict the orc. You hit the orc.
You kill the orc!
The orc hits your ogre with a +0 mace! The iguana bites your ogre!
Your ogre completely misses the iguana.
Things that are here:
a +0 short sword of venom; an orc corpse The orc barely misses your ogre.
You barely miss the iguana. Your grab misses the iguana.
The orc hits your ogre with a +0 mace!
Your ogre dies!
The iguana bites you!
Aiming: Charm
Press: ? - help, Shift-Dir - straight line, f - iguana
Aim: an iguana (chance to affect: 67%)
The iguana struggles to resist.
The iguana bites you!
* * * LOW HITPOINT WARNING * * *
Okay, then.
The orc attacks as you move away! The orc completely misses you.
The ogre attacks as you move away! The ogre hits you with a +0 giant club!
Ouch! That really hurt!
You die...

.... ...
... #.. :.
#..
.########
#..
#.......#
##.##<#
##...#.####
#....oO...#
#....l@##.#
#.###?.# #
.. #...
#?### #. #.
.. ##


You could see an ogre, an iguana and an orc.

Vanquished Creatures
  A hound (D:4)
  An adder (D:4)
  3 orcs
  A ball python (D:2)
  2 bats (D:2)
  An endoplasm (D:4)
  A giant cockroach (D:4)
  2 goblins (D:4)
  A frilled lizard (D:2)
  A kobold (D:4)
14 creatures vanquished.

Vanquished Creatures (collateral kills)
  An orc wizard (D:5)
1 creature vanquished.

Vanquished Creatures (others)
  An ogre (D:5)
1 creature vanquished.

Grand Total: 16 creatures vanquished

Notes
Turn   | Place    | Note
-------+----------+-------------------------------------------
     0 | D:1      | M4edhros the Octopode Artificer began the quest for the
                  | Orb.
     0 | D:1      | Reached XP level 1. HP: 13/13 MP: 1/1
   152 | D:3      | Noticed Robin
   213 | D:4      | Noticed an orc wizard
   305 | D:4      | Reached XP level 2. HP: 15/16 MP: 2/2
   361 | D:4      | Reached skill level 1 in Short Blades
   361 | D:4      | Reached XP level 3. HP: 12/24 MP: 3/3
   425 | D:5      | Entered Level 5 of the Dungeon
   425 | D:5      | Noticed an ogre
   427 | D:5      | Noticed an ogre
   429 | D:5      | Reached XP level 4. HP: 24/29 MP: 4/4
   435 | D:5      | Mangled by an ogre

Illustrated notes

Levels and vault maps discovered:
D:1:      dpeg_arrival_refuge, layout_basic,
          shapermc_ecumenical_altar_mp_highgroup
D:2:      layout_basic
D:3:      layout_basic, uniq_terence, uniq_robin, uniq_sigmund
D:4:      layout_basic, minmay_temple_entry_glassed_door, nicolae_eternal_life
D:5:      layout_loops_ring

Skill      XL: |  1  2 |
---------------+-------+-----
Stealth        | 2 |  2.8
Short Blades   | 1 |  1.3
Fighting       | |  1.9
Dodging        | |  2.9
Unarmed Combat | |  0.4
Evocations     | |  3.8

Action                   |  1- 3 |  4- 6 || total
-------------------------+-------+-------++-------
Melee: Unarmed           |    11 |       ||    11
       Constrict         |     9 |     1 ||    10
       Dagger            |    25 |     3 ||    28
       Tentacles         |     5 |     1 ||     6
Evoke: Wand              |     2 |     1 ||     3
 Stab: Sleeping          |     4 |       ||     4
Armor: Skin              |     3 |       ||     3
Dodge: Dodged            |    28 |     1 ||    29

Table legend: (Time is in decaauts)
 A = Elapsed time spent in this place.
 B = Non-inter-level travel time spent in this place.
 C = Inter-level travel time spent in this place.
 D = Time resting spent in this place.
 E = Time spent auto-exploring this place.
 F = Levels seen in this place.
 G = Mean time per level.
                   A        B        C        D        E       F      G
               +--------+--------+--------+--------+--------+-----+--------+
         Total |    433 |    416 |     17 |     36 |    164 |   5 |   86.6 |
       Dungeon |    433 |    416 |     17 |     36 |    164 |   5 |   86.6 |
               +--------+--------+--------+--------+--------+-----+--------+

Top non-repeatable levels by time:
     D:4: 263 daAuts
     D:3: 93 daAuts
     D:2: 63 daAuts
     D:5: 9 daAuts
     D:1: 3 daAuts
